 Dungeon Crawl Stone Soup version 0.18-a0-1195-g77a4f03 (webtiles) character file.

4144 Duffy the Summoner (level 10, 0/56 HPs)
             Began as a Deep Elf Summoner on Jan 29, 2016.
             Was a Believer of Sif Muna.
             Slain by a yak (1 damage)
             ... in an ice cave.
             The game lasted 00:20:36 (13048 turns).

Duffy the Summoner (Deep Elf Summoner)             Turns: 13048, Time: 00:20:36

Health: 0/56       AC: 11    Str:  7    XL:     10   Next: 7%
Magic:  6/24       EV: 17    Int: 24    God:    Sif Muna [**....]
Gold:   387        SH:  0    Dex: 19    Spells: 6 memorised, 8 levels left

rFire  x . .     SeeInvis .     K - +1 flail (protect)
rCold  + . .     Gourm    .     J - +2 robe of Summertime {rF- rC+ Str+2 Dex+4}
rNeg   . . .     Faith    .     (no shield)
rPois  .         Spirit   .     B - +0 helmet
rElec  .         Dismiss  .     v - +0 cloak
rCorr  .         Reflect  .     (no gloves)
SustAt +         Harm     .     (no boots)
MR     +....                    (no amulet)
Stlth  +++.......               u - ring of wizardry
                                q - ring of sustain attributes

@: somewhat resistant to hostile enchantments, fairly stealthy
A: no striking features
a: Channel Energy, Forget Spell, Renounce Religion


You were in an ice cave.
You worshipped Sif Muna.
Sif Muna was pleased with you.
You were near starving.

You visited 2 branches of the dungeon, and saw 12 of its levels.
You also visited: Ice Cave.

You collected 432 gold pieces.
You spent 45 gold pieces at shops.


   Skills:
 - Level 4.0 Fighting
 - Level 7.0 Dodging
 - Level 5.2 Stealth
 + Level 8.2 Spellcasting
 * Level 10.8 Summonings
 - Level 2.0 Ice Magic
 - Level 2.0 Air Magic
 + Level 4.2 Invocations


You had 8 spell levels left.
You knew the following spells:

 Your Spells              Type           Power        Failure   Level  Hunger
a - Summon Small Mammal   Summ           ####         1%          1    None
g - Summon Guardian Gole  Hex/Summ       #####...     1%          3    None
i - Call Imp              Summ           ######..     1%          2    None
k - Summon Lightning Spi  Summ/Air       #####...     1%          4    ##.....
l - Summon Ice Beast      Ice/Summ       #####...     1%          4    ##.....
n - Call Canine Familiar  Summ           ######..     1%          3    None

Inventory:

Hand Weapons
 K - a +1 flail of protection (weapon)
Missiles
 e - 232 stones (quivered)
 k - 4 poisoned needles
 I - 4 throwing nets
Armour
 a - a +0 robe
 f - a +0 buckler
 v - a +0 cloak (worn)
 B - a +0 helmet (worn)
 J - the +2 robe of Summertime (worn) {rF- rC+ Str+2 Dex+4}

   It affects your strength (+2).
   It affects your dexterity (+4).
   It makes you vulnerable to fire.
   It protects you from cold.
Jewellery
 q - a ring of sustain attributes (left hand)
 u - a ring of wizardry (right hand)
 x - a +2 ring of evasion
Wands
 g - a wand of draining (1/15)
 m - a wand of slowing (29/48)
 C - a wand of lightning (9/15)
 G - a wand of heal wounds (4/9)
 M - a wand of fireball (3/15)
Scrolls
 i - 2 scrolls of fog
 l - a scroll of immolation {unknown}
 n - a scroll of amnesia {unknown}
 o - 4 scrolls of teleportation {unknown}
 r - 2 scrolls of magic mapping {unknown}
 w - 2 scrolls of remove curse
 y - a scroll of fear {unknown}
 F - a scroll of recharging {unknown}
 H - a scroll of blinking {unknown}
 P - a scroll of enchant armour {unknown}
Potions
 d - 4 potions of agility
 h - 4 potions of heal wounds
 j - 11 potions of curing
 p - a potion of brilliance
 s - a potion of cancellation {unknown}
 z - a potion of magic {unknown}
 A - a potion of berserk rage {unknown}
 D - a potion of haste
 L - a potion of ambrosia
 O - a potion of lignification
 R - a potion of cure mutation {unknown}
Books
 b - a book of Callings
 S - a book of Alchemy
Comestibles
 c - 12 bread rations
 t - a royal jelly
 E - 10 fruits
 Q - 2 slices of pizza

Dungeon Overview and Level Annotations

Branches:
Dungeon (11/15)            Temple (1/1) D:6             Orc (0/2) D:9
   Lair: D:8-11

Altars:
Ashenzari
Cheibriados
Dithmenos
Elyvilon
Fedhas
Kikubaaqudgha
Makhleb
Nemelex Xobeh
Okawaru
Pakellas
Ru
Sif Muna
Xom
Yredelemnul
Zin
The Shining One

Shops:
D:4 %   D:10 !


Message History

Your lightning spire is destroyed!
The yak misses you.
The polar bear barely misses your ice beast.
The polar bear claws your ice beast but does no damage. x2
Your ice beast hits the polar bear.
Your ice beast freezes the polar bear!
The polar bear resists.
The yak closely misses you.
The polar bear rages.
The polar bear closely misses your ice beast.
The polar bear claws your ice beast. x2; Your ice beast hits the polar bear.
Your ice beast freezes the polar bear.
The polar bear resists.
The polar bear bites your ice beast!
The polar bear barely misses your ice beast.
The polar bear claws your ice beast.
Your ice beast dies!
The polar bear closely misses you.
The polar bear claws you but does no damage. x2
The yak gores you but does no damage. The yak gores you!
The polar bear goes berserk!
The polar bear misses you.
The polar bear claws you but does no damage.
The polar bear closely misses you. The yak misses you.
The polar bear closely misses you.
The polar bear completely misses you. x2
The polar bear bites you!! The polar bear closely misses you.
The polar bear misses you.
The polar bear completely misses you. x2; The polar bear barely misses you.
The yak gores you! The polar bear completely misses you.
The polar bear closely misses you. The polar bear completely misses you.
The polar bear barely misses you. The polar bear misses you.
The polar bear claws you! The polar bear misses you.
The polar bear claws you but does no damage.
The polar bear claws you. The polar bear completely misses you.
The polar bear misses you. The polar bear barely misses you. The yak gores you.
You die...

. #### ..
######..## ...##
##..##....##
..Yh.###.....hh...#
..h..#%.....Y@.\.#
#%.%.##..h....#
##..#####....##
#### ##..## ####


You could see 3 polar bears and a yak.

Action                   |  1- 3 |  4- 6 |  7- 9 | 10-12 || total
-------------------------+-------+-------+-------+-------++-------
Melee: Flail             |       |       |     8 |       ||     8
Throw: Stone             |     8 |     9 |    16 |       ||    33
 Cast: Summon Small Mamm |    23 |       |       |       ||    23
       Call Imp          |    19 |    44 |     3 |     1 ||    67
       Call Canine Famil |     9 |    28 |    49 |       ||    86
       Summon Ice Beast  |       |     2 |   105 |     5 ||   112
       Summon Lightning  |       |       |       |     1 ||     1
Invok: Channel Energy    |       |       |    34 |     4 ||    38
Evoke: Wand              |       |       |     3 |       ||     3
  Use: Scroll            |       |       |    10 |       ||    10
  Eat: Chunk             |     6 |     9 |    28 |       ||    43
       Beef jerky        |       |     2 |     2 |       ||     4
       Pizza             |       |       |     6 |       ||     6

Notes
Turn   | Place    | Note
--------------------------------------------------------------
     0 | D:1      | Duffy the Deep Elf Summoner began the quest for the Orb.
     0 | D:1      | Reached XP level 1. HP: 10/10 MP: 6/6
   662 | D:1      | Reached XP level 2. HP: 14/16 MP: 4/8
   666 | D:1      | Learned a level 2 spell: Call Imp
  1133 | D:2      | Noticed Natasha
  1151 | D:2      | Killed Natasha
  1151 | D:2      | Reached skill level 1 in Fighting
  1151 | D:2      | Reached skill level 5 in Summonings
  1227 | D:2      | Reached XP level 3. HP: 20/20 MP: 4/9
  1232 | D:2      | Learned a level 3 spell: Call Canine Familiar
  1614 | D:3      | Found a basalt altar of Yredelemnul.
  1797 | D:3      | Noticed Jessica
  1801 | D:3      | Killed Jessica
  2086 | D:3      | Reached skill level 2 in Fighting
  2174 | D:3      | Found a sparkling altar of Nemelex Xobeh.
  2356 | D:4      | Reached XP level 4. HP: 26/26 MP: 0/10
  2611 | D:4      | Found Jiple's Food Shop.
  2930 | D:4      | Reached XP level 5. HP: 30/30 MP: 5/12
  3088 | D:4      | Learned a level 4 spell: Summon Ice Beast
  3373 | D:4      | Reached skill level 6 in Summonings
  3531 | D:4      | Reached skill level 4 in Spellcasting
  3706 | D:5      | Entered Level 5 of the Dungeon
  3861 | D:5      | Noticed Eustachio
  3873 | D:5      | Killed Eustachio
  3873 | D:5      | Reached XP level 6. HP: 35/35 MP: 2/15
  3998 | D:5      | Found a sacrificial altar of Ru.
  4175 | D:5      | Learned a level 4 spell: Summon Lightning Spire
  4373 | D:5      | Reached skill level 5 in Spellcasting
  4373 | D:5      | Reached skill level 7 in Summonings
  4938 | D:5      | Noticed Grinder
  4977 | D:5      | Killed Grinder
  5365 | D:6      | Found a staircase to the Ecumenical Temple.
  5403 | D:6      | Reached XP level 7. HP: 40/40 MP: 8/17
  5568 | D:6      | Reached skill level 8 in Summonings
  5770 | D:6      | Learned a level 3 spell: Summon Guardian Golem
  5901 | D:6      | Reached skill level 3 in Stealth
  6277 | D:6      | Reached skill level 4 in Stealth
  6669 | D:7      | Reached skill level 5 in Stealth
  6996 | D:7      | Reached skill level 3 in Dodging
  7351 | D:7      | Got a sheer robe
  7564 | D:7      | Noticed a human
  7564 | D:7      | Noticed a yak
  7564 | D:7      | Noticed a yak
  7572 | D:7      | Killed a human
  7572 | D:7      | Reached skill level 3 in Fighting
  7572 | D:7      | Reached skill level 4 in Dodging
  7572 | D:7      | Reached XP level 8. HP: 44/46 MP: 5/18
  7870 | D:7      | Reached skill level 5 in Dodging
  8109 | Temple   | Entered the Ecumenical Temple
  8346 | Temple   | Became a worshipper of Sif Muna the Loreminder
  8377 | D:6      | Identified the +2 robe of Summertime {rF- rC+ Str+2 Dex+4} (You found it on level 7 of the Dungeon)
  8538 | D:6      | Found a shattered altar of Ashenzari.
  8634 | D:6      | Reached skill level 4 in Fighting
  9080 | D:8      | Reached skill level 6 in Dodging
  9152 | D:8      | Reached skill level 7 in Dodging
  9687 | D:8      | Reached skill level 1 in Ice Magic
  9687 | D:8      | Reached skill level 1 in Air Magic
  9789 | D:8      | Reached skill level 2 in Ice Magic
 10098 | D:9      | Reached skill level 2 in Air Magic
 10379 | D:9      | Reached skill level 6 in Spellcasting
 10489 | D:9      | Reached XP level 9. HP: 52/52 MP: 5/20
 10608 | D:9      | You fall through a shaft!
 10608 | D:10     | Entered Level 10 of the Dungeon
 10608 | D:10     | Found a glowing silver altar of Zin.
 10626 | D:10     | Reached * piety under Sif Muna
 10966 | D:10     | Noticed a gargoyle
 10983 | D:10     | Killed a gargoyle
 10983 | D:10     | Reached skill level 9 in Summonings
 10983 | D:10     | Reached skill level 1 in Invocations
 11125 | D:10     | Found an oddly glowing altar of Pakellas.
 11202 | D:10     | Noticed a gargoyle
 11217 | D:10     | Killed a gargoyle
 11343 | D:10     | Reached skill level 2 in Invocations
 11604 | D:10     | Reached skill level 7 in Spellcasting
 11731 | D:10     | Noticed a hill giant
 11748 | D:10     | Killed a hill giant
 11846 | D:10     | Found Eddeoset's Distillery.
 11852 | D:9      | Found a staircase to the Orcish Mines.
 11857 | D:10     | Bought a potion of poison for 13 gold pieces
 11857 | D:10     | Bought a potion of mutation for 32 gold pieces
 11872 | D:10     | Reached ** piety under Sif Muna
 11884 | D:10     | Reached skill level 3 in Invocations
 11889 | D:10     | Reached skill level 10 in Summonings
 12394 | D:10     | Noticed a gargoyle
 12438 | D:10     | Killed a gargoyle
 12583 | D:11     | Found a frozen archway.
 12734 | IceCv    | Entered an ice cave
 12741 | IceCv    | Reached skill level 8 in Spellcasting
 12748 | IceCv    | Reached skill level 4 in Invocations
 13009 | IceCv    | Noticed a polar bear
 13014 | IceCv    | Noticed a polar bear
 13018 | IceCv    | Noticed a polar bear
 13019 | IceCv    | Noticed a polar bear
 13024 | IceCv    | Reached XP level 10. HP: 56/56 MP: 19/24
 13048 | IceCv    | Slain by a yak

Vault maps used:
D:1:      minmay_arrival_radiant_lines, minivault_25
D:2:      uniq_natasha
D:3:      yredelemnul_altar_generic, lemuel_doored_altar, uniq_jessica
D:4:      serial_shops, shop_statue
D:5:      old_standard_altar, first_bread, grunt_ministairs_5, uniq_eustachio,
          uniq_grinder
D:6:      lemuel_round_altar, minmay_temple_entry_from_below_b
D:7:      grunt_livestock, amalloy_card_club
D:8:      dk_noncrumbling_4
D:9:      grunt_gozag_statues, trog_ov_bears_minmay,
          nicolae_overflow_hidden_temple, kennysheep_mini_moat, orc_0_dummy
D:10:     serial_shops, nicolae_shop_trees, basic_altar, grunt_pakellas_mercury
D:11:     cheibrodos_lost_city_excavation, david_lair_generic, special_room,
          enter_trove_1, portal_ice_cave_entry_imps, uniq_urug
Temple:   chambers_temple_12
IceCv:    ice_cave_small_giant

Vanquished Creatures
  A hill giant
  3 gargoyles
  A polar bear Grinder Eustachio
  A wyvern
  A human
  7 yaks
  2 hippogriffs
  A hungry ghost
  5 wolves
  A water moccasin
  An orc warrior
  5 ogres
  A sky beast
  A phantom
  An eye of draining
  3 centaurs
  A big kobold
  9 giant frogs
  5 scorpions
  5 killer bees
  A centaur zombie
  4 crimson imps
  7 hounds
  6 jellies
  A quasit
  2 centaur skeletons
  An orc priest
  2 giant frog skeletons
  8 orc wizards Jessica Natasha
  An iguana
  10 worker ants
  2 sheep
  A killer bee zombie
  2 hound skeletons
  A worker ant zombie
  4 gnolls
  9 adders
  A shadow imp
  12 white imps
  3 oozes
  2 adder zombies
  3 adder skeletons
  3 worms
  3 giant geckos
  29 orcs
  A ball python
  8 giant cockroaches
  3 goblins
  2 hobgoblins
  5 jackals
  7 kobolds
  2 quokkas
  2 bats
  4 giant newts
  A jackal zombie
  2 quokka skeletons
  A quokka zombie
  A rat
216 creatures vanquished.
